 Dungeon Crawl Stone Soup version 0.21-a0-641-geef9d7f (webtiles) character file.

35 shenanigans the Charmwright (level 3, 0/29 HPs)
             Began as a Barachi Skald on Dec 31, 2017.
             Succumbed to an adder's poison
             ... on level 1 of the Dungeon.
             The game lasted 00:01:38 (1414 turns).

shenanigans the Charmwright (Barachi Skald)         Turns: 1414, Time: 00:01:39

Health: 0/29       AC:  5    Str: 12    XL:     3   Next: 33%
Magic:  6/6        EV: 17    Int: 14    God:
Gold:   47         SH:  0    Dex: 16    Spells: 5/6 levels left

rFire    . . .     SeeInvis .   a - +0 hand axe
rCold    . . .     Gourm    .   (no shield)
rNeg     . . .     Faith    .   j - +0 ring mail
rPois    .         Spirit   .   (no helmet)
rElec    .         Reflect  .   (no cloak)
rCorr    .         Harm     .   (no gloves)
MR       .....                  (no boots)
Stlth    ++........             (no amulet)
HPRegen  0.09/turn              (no ring)
MPRegen  0.10/turn              (no ring)

@: agile, lethally poisoned (0 -> -3), slow
A: +LOS, swims, slowness 1, strong legs 1
a: Hop


You were on level 1 of the Dungeon.
You were not hungry.

You visited 1 branch of the dungeon, and saw 2 of its levels.

You collected 47 gold pieces.

Inventory:

Hand Weapons
 a - a +0 hand axe (weapon)
Armour
 b - a +0 leather armour
 j - a +0 ring mail (worn)
Scrolls
 e - a scroll of remove curse {unknown}
 f - 2 scrolls of identify {unknown}
 g - a scroll of magic mapping {unknown}
 i - 3 scrolls of noise {unknown}
Books
 c - a book of Battle

   Spells                             Type                      Level
   a - Infusion                       Charms                       1
   b - Shroud of Golubria             Charms/Translocation         2
   c - Song of Slaying                Charms                       2
   d - Spectral Weapon                Hexes/Charms                 3
   e - Regeneration                   Charms/Necromancy            3


   Skills:
 + Level 3.0 Fighting
 + Level 2.7 Axes
 + Level 2.1 Armour
 + Level 2.8 Dodging
 - Level 2.1 Spellcasting
 - Level 3.2 Charms


You had 5 spell levels left.
You knew the following spells:

 Your Spells              Type           Power        Failure   Level  Hunger
a - Infusion              Chrm           ##..         13%         1    #......


Dungeon Overview and Level Annotations

Branches:
Dungeon (2/15)

Altars:


Innate Abilities, Weirdness & Mutations

Shadows flee at your approach. (+LOS)
You can swim through water.
You cover ground slowly.
You can hop short distances.


Message History

* * * LOW HITPOINT WARNING * * *
You feel sick. The jackal completely misses you.
You miss the jackal.
The jackal is moderately wounded.
The jackal closely misses you. The jackal barely misses you.
You closely miss the jackal.
The jackal is moderately wounded.
The jackal closely misses you. The jackal barely misses you.
You hit the jackal.
The jackal is severely wounded.
* * * LOW HITPOINT WARNING * * *
You feel sick. The jackal barely misses you.
You completely miss the jackal.
The jackal is severely wounded.
The jackal bites you.
* * * LOW HITPOINT WARNING * * *
The jackal misses you.
You hit the jackal.
You kill the jackal!
You die...

####♣♣.P♣♣♣##....##.......
#....♣.♣♣#.##....##.......
#........#.##....##.......
#..........##....##.#+P..#
#..........##.....).#.♣♣♣.
#..........##...####.....P
#..........###'####P...P..
#..........###.##....♣.♣P♣
#........@>....#...P♣♣♣♣♣♣
#........#######.#P.PP.♣♣P
########## #.##...♣♣♣P
#.###.PP♣.. #.# ##...P.
#.# ##P.P# #.# #..## #.#
#.## #.# #.#


There were no monsters in sight!

Vanquished Creatures
  An adder (D:2)
  A dart slug (D:1)
  A leopard gecko (D:1)
  A giant cockroach (D:1)
  2 goblins (D:1)
  3 hobgoblins (D:1)
  5 jackals (D:1)
  4 kobolds (D:1)
  A bat (D:1)
  A frilled lizard (D:2)
20 creatures vanquished.

Notes
Turn   | Place    | Note
-------+----------+-------------------------------------------
     0 | D:1      | shenanigans the Barachi Skald began the quest for the Orb.
     0 | D:1      | Reached XP level 1. HP: 17/17 MP: 3/3
   283 | D:1      | Reached XP level 2. HP: 15/23 MP: 5/5
  1295 | D:1      | Reached XP level 3. HP: 28/28 MP: 6/6
  1412 | D:1      | HP: 1/29 [jackal (1)]
  1414 | D:1      | Succumbed to an adder's poison

Vault maps used:
D:1:      dpeg_arrival_simpleton_a, serial_forest, infiniplex_forest_lined_2,
          infiniplex_forest_lined_corner, infiniplex_forest_clump_cross,
          infiniplex_forest_3_way, infiniplex_forest_straight_2,
          infiniplex_forest_clump_curved, infiniplex_forest_lined_room_2
D:2:      corexii_corridor_pit

Skill      XL: |  1  2  3 |
---------------+----------+-----
Armour         | 2 |  2.1
Fighting       | 3 |  3.0
Axes           | |  2.7
Dodging        | |  2.8
Spellcasting   | |  2.1
Charms         | |  3.2

Action                   || total
-------------------------++-------
Melee: Hand axe          ||    95
 Cast: Infusion          ||     2
  Use: Potion            ||     1
  Eat: Ration            ||     1
Armor: Leather armour    ||    13
       Ring mail         ||     8
Dodge: Dodged            ||    78

Table legend:
 A = Spawn XP
 B = Non-spawn XP
 C = Spawn XP percentage of total XP
 D = Spawn monster count
 E = Non-spawn monster count
 F = Spawn count percentage of total count
 G = Total turns spent on level
                    A         B        C        D         E        F      G
               +---------+---------+-------+---------+---------+-------+---------
         Total |       0 |      50 |   0.0 |       0 |      20 |   0.0 |  1414
               +---------+---------+-------+---------+---------+-------+---------
           D:1 |       0 |      36 |   0.0 |       0 |      18 |   0.0 |  1392
           D:2 |       0 |      14 |   0.0 |       0 |       2 |   0.0 |    22
               +---------+---------+-------+---------+---------+-------+---------
